Map: Bastion of the Conclave

Players

SaraKerrigan - Winner!

  • Race: Terran Terran
  • Spawn Location: 6:00

Shrute - Winner!

  • Race: Protoss Protoss
  • Spawn Location: 6:00

mrL - Winner!

  • Race: Protoss Protoss
  • Spawn Location: 6:00

NEO

  • Race: Protoss Protoss
  • League: Platinum
  • Spawn Location: 12:00

Xingon

  • Race: Terran Terran
  • Spawn Location: 12:00

Metasapien

  • Race: Zerg Zerg
  • League: Platinum
  • Spawn Location: 0:00

VOD

Have the link to the VOD?

Description

Time

  • Played on: Sept. 23, 2017, 6:40 p.m.
  • Length: 10:33
Show
View Real Time Build Order
Export as new Build Order

SaraKerrigan Terran - Winner!

Build Orders:  

Get SALT Encoding   

  12  0:33  SCV  
  13  0:45  SCV  
  13  0:47  Supply Depot  
  14  0:52  Refinery  
  14  0:54  Refinery  
  14  0:57  SCV  
  15  1:09  SCV  
  16  1:21  SCV  
  17  1:33  SCV  
  17  1:38  Barracks  
  18  1:45  SCV, Supply Depot  
  19  1:57  SCV  
  20  2:09  SCV  
  21  2:21  SCV  
  22  2:28  Factory  
  22  2:29  Barracks Reactor  
  22  2:36  Orbital Command  
  22  2:42  Factory  
  22  2:48  Supply Depot  
  22  3:04  SCV  
  23  3:10  Supply Depot  
  23  3:16  SCV  
  24  3:20  Barracks Reactor  
  24  3:21  Cyclone x2  
  30  3:28  SCV  
  31  3:55  Cyclone x2  
  37  3:56  Cyclone  
  37  3:57  Marine x2  
  42  4:10  Supply Depot  
  42  4:15  Supply Depot, Marine  
  43  4:18  Engineering Bay  
  34  4:36  Marine  
  34  4:38  Cyclone  
  38  4:45  Supply Depot  
  38  5:06  SCV  
  38  5:18  SCV  
  38  5:20  Widow Mine  
  38  5:21  Widow Mine  
  43  5:42  Widow Mine  
  43  5:44  Marine  
  43  5:49  Widow Mine  
  48  5:52  Widow Mine  
  48  5:54  Marine  
  51  6:22  Marine  
  51  6:23  Widow Mine x2, Marine  
  57  6:40  Marine  
  58  6:51  Widow Mine  
  58  6:52  Widow Mine  
  58  6:53  Widow Mine  
  50  7:20  Widow Mine  
  50  7:21  Hellion  
  50  7:22  Widow Mine  
  55  7:35  SCV  
  55  7:36  Marine x2  
  58  7:42  Hellion  
  54  7:49  Widow Mine  
  50  7:51  Hellion  
  50  7:54  Marine  
  48  8:03  Cyclone  
  50  8:14  Command Center  
  40  8:57  Factory Tech Lab  
  36  9:08  Factory Tech Lab  
  36  9:19  Siege Tank  
  36  9:21  SCV  
  32  10:02  Marine x2  
Show
View Real Time Build Order
Export as new Build Order

Shrute Protoss - Winner!

Build Orders:  

Get SALT Encoding   

  12  0:02  Probe (Chrono Boost)  
  13  0:13  Probe (Chrono Boost)  
  14  0:33  Pylon  
  14  0:35  Assimilator  
  14  0:36  Probe (Chrono Boost)  
  15  0:51  Probe (Chrono Boost)  
  15  0:52  Gateway  
  15  0:56  Forge  
  16  1:02  Probe (Chrono Boost)  
  17  1:16  Probe (Chrono Boost)  
  18  1:21  Assimilator  
  18  1:26  Probe (Chrono Boost)  
  18  1:31  Photon Cannon  
  19  1:42  Cybernetics Core  
  19  1:45  Probe (Chrono Boost)  
  20  1:50  Zealot (Chrono Boost)  
  22  1:59  Pylon  
  22  2:06  Probe (Chrono Boost)  
  23  2:22  Stargate  
  23  2:25  Probe  
  23  2:28  Protoss Air Weapons Level 1 (Chrono Boost)  
  24  2:40  Mothership Core (Chrono Boost)  
  26  2:48  Pylon  
  26  2:50  Photon Cannon  
  26  2:59  Probe  
  27  3:13  Void Ray (Chrono Boost)  
  32  3:20  Probe  
  32  3:42  Probe  
  33  3:52  Void Ray (Chrono Boost), Pylon  
  37  3:58  Probe  
  38  4:16  Nexus  
  32  4:59  Pylon  
  32  5:01  Pylon  
  31  5:18  Pylon  
  31  5:35  Probe  
  31  5:36  Probe  
  37  6:15  Pylon  
  36  6:30  Pylon  
  36  6:35  Photon Cannon  
  36  6:38  Photon Cannon  
  36  6:57  Photon Cannon  
  36  7:09  Probe  
  36  7:10  Probe  
  36  7:11  Pylon  
  36  7:15  Pylon  
  38  7:19  Void Ray (Chrono Boost)  
  38  7:20  Probe  
  39  7:23  Probe  
  39  7:25  Pylon  
  40  7:39  Zealot (Chrono Boost)  
  40  7:41  Probe  
  43  7:44  Assimilator  
  43  7:47  Assimilator  
  43  7:51  Gateway  
  43  7:53  Probe  
  43  7:55  Void Ray (Chrono Boost), Probe  
  49  8:05  Probe  
  49  8:07  Zealot (Chrono Boost)  
  52  8:21  Cybernetics Core  
  52  8:35  Probe  
  52  8:36  Void Ray (Chrono Boost), Probe  
  52  8:40  Zealot  
  60  8:53  Zealot  
  60  8:54  Probe x2  
  64  9:09  Fleet Beacon  
  64  9:17  Zealot  
  64  9:19  Void Ray  
  64  9:20  Probe x2  
  72  9:32  Probe x2  
  74  9:39  Zealot  
  74  9:44  Probe x2  
  78  9:46  Zealot  
  76  10:30  Gateway  
  76  10:31  Gateway  
Show
View Real Time Build Order
Export as new Build Order

mrL Protoss - Winner!

Build Orders:  

Get SALT Encoding   

  12  0:01  Probe (Chrono Boost)  
  13  0:11  Probe (Chrono Boost)  
  14  0:24  Pylon  
  14  0:25  Assimilator  
  14  0:32  Probe (Chrono Boost)  
  15  0:42  Gateway  
  15  0:45  Probe (Chrono Boost)  
  16  0:55  Probe (Chrono Boost)  
  17  1:02  Assimilator  
  17  1:06  Probe (Chrono Boost)  
  18  1:16  Probe (Chrono Boost)  
  19  1:27  Probe (Chrono Boost)  
  19  1:30  Cybernetics Core  
  20  1:35  Pylon  
  20  1:37  Probe (Chrono Boost)  
  21  1:52  Pylon  
  21  2:07  Mothership Core (Chrono Boost)  
  23  2:10  Stargate  
  23  2:44  Nexus  
  23  2:46  Assimilator  
  23  2:54  Void Ray (Chrono Boost)  
  27  3:03  Pylon  
  27  3:09  Probe  
  28  3:21  Probe  
  29  3:32  Void Ray (Chrono Boost)  
  29  3:33  Probe  
  34  3:41  Protoss Air Weapons Level 1  
  34  3:56  Robotics Facility  
  34  4:19  Void Ray (Chrono Boost)  
  37  5:11  Void Ray (Chrono Boost)  
  41  5:23  Probe  
  41  5:24  Assimilator  
  41  5:28  Pylon  
  42  5:30  Pylon  
  42  5:33  Probe  
  43  5:44  Probe  
  43  5:49  Void Ray (Chrono Boost)  
  48  5:55  Probe  
  49  6:05  Probe  
  44  6:44  Void Ray (Chrono Boost)  
  48  6:49  Mothership Core  
  42  7:03  Pylon  
  42  7:09  Robotics Bay  
  42  7:21  Void Ray (Chrono Boost), Cybernetics Core  
  46  7:56  Probe  
  46  7:58  Void Ray (Chrono Boost)  
  51  8:07  Probe  
  51  8:11  Colossus, Stargate x2  
  58  8:18  Probe  
  59  8:28  Probe  
  60  8:39  Probe  
  73  9:03  Void Ray (Chrono Boost)  
  73  9:08  Void Ray x2 (Chrono Boost)  
  73  9:15  Probe  
  74  9:25  Probe, Pylon  
  74  9:27  Pylon  
  75  9:32  Pylon  
  75  9:36  Probe  
  86  9:46  Probe  
  86  9:51  Void Ray (Chrono Boost)  
  87  9:57  Probe  
Show
View Real Time Build Order
Export as new Build Order

NEO Protoss 

Build Orders:  

Get SALT Encoding   

  12  0:02  Probe (Chrono Boost)  
  13  0:17  Probe (Chrono Boost)  
  13  0:20  Pylon  
  14  0:28  Probe (Chrono Boost)  
  15  0:39  Probe (Chrono Boost)  
  15  0:42  Pylon  
  16  0:49  Probe (Chrono Boost)  
  17  0:57  Assimilator  
  17  1:00  Probe (Chrono Boost)  
  17  1:03  Gateway  
  18  1:13  Gateway  
  18  1:24  Gateway  
  18  1:33  Gateway  
  18  1:46  Probe (Chrono Boost)  
  19  1:55  Forge  
  19  1:56  Pylon  
  21  2:01  Zealot (Chrono Boost)  
  21  2:07  Zealot (Chrono Boost)  
  23  2:10  Probe  
  26  2:24  Zealot (Chrono Boost)  
  26  2:25  Zealot (Chrono Boost)  
  28  2:32  Probe  
  29  2:40  Photon Cannon  
  31  2:51  Zealot (Chrono Boost)  
  31  2:52  Zealot (Chrono Boost)  
  33  2:59  Pylon  
  33  3:17  Zealot (Chrono Boost)  
  33  3:19  Zealot (Chrono Boost)  
  37  3:26  Cybernetics Core  
  39  3:41  Photon Cannon  
  39  3:43  Zealot (Chrono Boost)  
  41  3:51  Zealot (Chrono Boost)  
  41  3:52  Zealot (Chrono Boost)  
  43  4:01  Pylon  
  43  4:22  Stalker (Chrono Boost)  
  49  4:26  Stalker x2 (Chrono Boost)  
  43  4:50  Stalker (Chrono Boost)  
  43  4:51  Stalker (Chrono Boost)  
  37  4:55  Stalker (Chrono Boost)  
  33  5:02  Stalker (Chrono Boost)  
  35  5:12  Assimilator  
  35  5:15  Warp Gate (Chrono Boost)  
  35  5:21  Gateway  
  35  5:25  Stalker (Chrono Boost)  
  37  5:34  Pylon  
  43  5:52  Stalker (Chrono Boost)  
  43  5:54  Stalker x3 (Chrono Boost)  
  45  6:17  Pylon  
  44  6:24  Stalker x2 (Chrono Boost)  
  44  6:49  Nexus  
Show
View Real Time Build Order
Export as new Build Order

Xingon Terran 

Build Orders:  

Get SALT Encoding   

  12  0:05  SCV  
  13  0:18  SCV  
  13  0:21  Supply Depot  
  14  0:33  SCV  
  15  0:40  Refinery  
  15  0:42  Refinery  
  15  0:45  SCV  
  16  0:57  Barracks  
  16  0:59  SCV  
  17  1:10  Barracks  
  17  1:14  SCV  
  18  1:26  SCV  
  19  1:36  Supply Depot  
  19  1:45  Barracks  
  19  1:50  Barracks Reactor  
  19  1:53  SCV  
  20  2:06  Reaper  
  21  2:12  Orbital Command  
  21  2:27  Reaper x2  
  23  2:34  Barracks Reactor  
  23  2:38  Supply Depot, Reaper  
  23  2:40  SCV  
  25  2:53  SCV  
  26  2:58  Engineering Bay  
  26  3:02  Reaper  
  26  3:03  Reaper  
  26  3:05  SCV  
  29  3:10  Reaper  
  29  3:12  Reaper  
  31  3:13  Reaper  
  32  3:44  Command Center  
  32  3:46  Missile Turret  
  32  3:51  Factory  
  32  4:01  Barracks Tech Lab  
  24  4:56  Factory Reactor, Marine  
  24  4:57  Marine x4  
  24  4:59  Stimpack  
  28  5:14  Marine x3  
  28  5:15  Marine x2  
  33  5:22  Orbital Command  
  31  5:32  Marine x2  
  31  5:33  Marine  
  31  5:35  Marine  
  26  5:47  Marine  
    9:54  Factory Tech Lab  
Show
View Real Time Build Order
Export as new Build Order

Metasapien Zerg 

Build Orders: Hatch First 

Get SALT Encoding   

  12  0:33  Drone  
  13  0:36  Hatchery  
  13  0:40  Overlord  
  12  0:46  Drone  
  13  0:51  Extractor  
  13  0:53  Drone  
  13  0:57  Drone  
  14  1:06  Drone  
  15  1:16  Drone  
  16  1:30  Drone, Spawning Pool  
  16  1:39  Drone  
  17  1:50  Drone  
  17  1:52  Drone  
  19  2:34  Drone x3  
  19  2:35  Queen  
  24  2:37  Overlord, Queen  
  24  2:38  Overlord  
  26  2:59  Drone  
  26  3:01  Drone  
  28  3:08  Hatchery  
  27  3:36  Drone x2  
  27  3:37  Drone x3  
  27  3:38  Drone  
  33  3:42  Extractor  
  33  3:45  Metabolic Boost  
  32  3:50  Drone  
  32  3:51  Overlord  
  33  3:56  Lair  
  33  3:59  Drone  
  33  4:00  Overlord  
  34  4:07  Zergling x6  
  34  4:08  Zergling x6  
  40  4:14  Extractor  
  40  4:16  Extractor  
  38  4:19  Roach Warren  
  38  4:20  Drone  
  38  4:22  Drone  
  39  4:25  Queen  
  41  4:32  Drone x2  
  41  4:35  Drone  
  41  4:36  Drone  
  45  4:40  Drone  
  45  4:41  Drone  
  45  4:44  Drone  
  49  4:45  Drone  
  49  4:50  Overlord  
  49  4:57  Drone  
  49  4:58  Hydralisk Den  
  49  5:09  Roach x2  
  47  5:24  Drone x3  
  47  5:28  Hydralisk x5  
  50  5:31  Hydralisk  
  50  5:35  Hydralisk  
  64  5:37  Zergling x2  
  64  5:39  Zergling x2  
  64  5:41  Zergling x2  
  63  5:51  Spore Crawler x2  
  63  5:52  Spore Crawler, Hydralisk x5  
  70  6:02  Hydralisk x3  
  61  6:22  Hydralisk x4  
  61  6:23  Hydralisk x2  
  59  6:40  Drone x2  
  59  6:41  Drone  
  59  6:43  Drone x3  
  59  6:45  Zergling x2  
  59  6:46  Zergling x2  
  63  7:01  Drone  
  58  7:02  Hydralisk Den  
  58  7:04  Zergling x4  
  58  7:07  Zergling x6  
  43  7:25  Spawning Pool  
  43  7:27  Drone  
  37  7:30  Drone  
  37  7:32  Hydralisk x4  
  46  7:41  Hydralisk  
  46  7:42  Hydralisk  
  48  7:51  Hydralisk  
  49  8:04  Overlord, Extractor  
  49  8:05  Overlord x4  
  48  8:06  Extractor  
  47  8:22  Queen  
  47  8:23  Muscular Augments  
  47  8:24  Hydralisk x4  
  47  8:25  Hydralisk  
  47  8:50  Zergling x6  
  50  9:04  Drone  
  51  9:11  Zergling x2, Hydralisk x3  
  51  9:12  Roach Warren  
  57  9:17  Drone  
  57  9:18  Drone  
  57  9:19  Overlord  
  57  9:23  Drone  
  60  9:26  Hydralisk  
  62  9:37  Hydralisk x2  
  66  9:41  Drone x2  
  66  9:42  Drone  
  66  9:44  Drone  
  70  10:04  Hatchery  
  69  10:07  Hydralisk  
  69  10:08  Roach  
  39  10:24  Spore Crawler  
Tags
 
Add a new tag
Caveats
  • Supply blocks, unpowered buildings, or Contaminate may cause inaccurate times.
  • Supply counts are checked every 10 seconds.